 Dungeon Crawl Stone Soup version 0.24-a0-769-g368c1644f8 (webtiles) character file.

Game seed: 3921280472176370534, levelgen mode: deterministic

15747 Dycilia the Thaumaturge (level 12, -6/66 HPs)
             Began as a Gargoyle Earth Elementalist on Oct 5, 2019.
             Was an Elder of Sif Muna.
             Mangled by a sun demon (15 damage)
             ... summoned by Frances
             ... on level 1 of the Swamp.
             The game lasted 02:34:01 (17003 turns).

Dycilia the Thaumaturge (GrEE)                     Turns: 17003, Time: 02:34:01

Health: -6/66      AC: 17    Str: 12    XL:     12   Next: 30%
Magic:  0/26       EV: 14    Int: 25    God:    Sif Muna [****..]
Gold:   635        SH:  4    Dex: 10    Spells: 2/31 levels left

rFire    + + .     SeeInvis .   F - staff of fire
rCold    x . .     Gourm    .   (no shield)
rNeg     + . .     Faith    .   v - +0 steam dragon scales
rPois    ∞         Spirit   +   z - +2 hat {MR+}
rElec    +         Reflect  +   H - scarf {Spirit}
rCorr    .         Harm     .   C - +1 pair of gloves
MR       +....                  (no boots)
Stlth    ++........             m - +4 amulet of reflection
HPRegen  0.21/turn              s - ring of fire
MPRegen  0.20/turn              c - +4 ring of intelligence

@: hasted, very quick
A: negative energy resistance 1, electricity resistance, unbreathing,
petrification resistance, rot immunity, AC +8
a: Channel Magic, Forget Spell, Divine Exegesis, Renounce Religion


You were on level 1 of the Swamp.
You worshipped Sif Muna.
Sif Muna was greatly pleased with you.
You were not hungry.

You visited 4 branches of the dungeon, and saw 14 of its levels.
You also visited: Sewer.

You collected 671 gold pieces.
You spent 36 gold pieces at shops.

Inventory:

Armour
 r - the +2 robe of Fuq Ocoe {MR+}
   (You found it on level 4 of the Dungeon)

   It affects your resistance to hostile enchantments.
 v - +0 steam dragon scales (worn)
 z - a +2 hat of magic resistance (worn)
 B - a +0 troll leather armour
 C - a +1 pair of gloves (worn)
 H - a scarf of spirit shield (worn)
Magical Staves
 F - an uncursed staff of fire (weapon)
Jewellery
 c - a +4 ring of intelligence (right hand)
 m - a +4 amulet of reflection (around neck)
 q - an uncursed amulet of rage
 s - a ring of fire (left hand)
 G - a +4 ring of evasion {unknown}
Wands
 t - a wand of enslavement (8)
 u - a wand of acid (13)
 y - a wand of clouds (6)
Scrolls
 a - a scroll of amnesia {unknown}
 g - 2 scrolls of fear {unknown}
 h - 4 scrolls of remove curse
 k - 2 scrolls of teleportation
 x - a scroll of magic mapping {unknown}
 A - a scroll of identify
 D - a scroll of brand weapon {unknown}
 E - 2 scrolls of holy word {unknown}
Potions
 e - 3 potions of might
 f - 8 potions of flight
 i - 3 potions of haste
 j - a potion of degeneration {unknown}
 l - a potion of resistance {unknown}
 n - a potion of lignification {unknown}
 p - 4 potions of mutation {unknown}
 w - a potion of magic {unknown}
Comestibles
 d - 13 rations


   Skills:
 + Level 4.0 Fighting
   Level 2.9(3.4) Polearms
 + Level 2.9(3.6) Staves
 + Level 5.2 Dodging
 + Level 4.6 Stealth
 + Level 10.1 Spellcasting
 + Level 8.4 Conjurations
 - Level 1.1 Transmutations
 * Level 8.1 Fire Magic
 - Level 7.4 Earth Magic
 * Level 6.3 Invocations


You had 2 spell levels left.
You knew the following spells:

 Your Spells              Type           Power        Failure   Level  Hunger
a - Sandblast             Erth           #####.       1%          1    None
b - Passwall              Tmut/Erth      ####....     1%          2    None
c - Stone Arrow           Conj/Erth      ######       1%          3    None
d - Conjure Flame         Conj/Fire      #######.     1%          3    None
e - Sticky Flame          Conj/Fire      #######.     1%          4    None
f - Fireball              Conj/Fire      #######...   4%          5    ####...
g - Throw Flame           Conj/Fire      ######       1%          2    None
h - Petrify               Tmut/Erth      ####....     9%          4    None
i - Lee's Rapid Deconstr  Erth           #####.....   6%          5    ####...

Your spell library contained the following spells:

 Spells                   Type           Power        Failure   Level  Hunger
 Flame Tongue             Conj/Fire      #####        1%          1    None
 Corona                   Hex            ##.....      4%          1    None
 Ensorcelled Hibernation  Hex/Ice        ##....       8%          2    None
 Dazzling Spray           Conj/Hex       ####..       2%          3    None
 Inner Flame              Hex/Fire       ######..     2%          3    None
 Confuse                  Hex            ##......     14%         3    None
 Tukima's Dance           Hex            ##......     14%         3    None
 Statue Form              Tmut/Erth      Unusable     N/A         6    N/A

Dungeon Overview and Level Annotations

Branches:
Dungeon (8/15)             Temple (1/1) D:5            Lair (3/6) D:8
  Swamp (2/4) Lair:3        Sewer (visited)
  Snake: Lair:2-4    Spider: Lair:2-4

Altars:
Ashenzari
Cheibriados
Dithmenos
Elyvilon
Fedhas
Gozag
Hepliaklqana
Kikubaaqudgha
Makhleb
Nemelex Xobeh
Okawaru
Qazlal
Ru
Sif Muna
Trog
Uskayaw
Vehumet
Wu Jian
Xom
Yredelemnul
Zin
The Shining One

Shops:
D:4 *   D:6 =}*:

Annotations:
Swamp:1 Frances


Innate Abilities, Weirdness & Mutations

You are resistant to torment.
Your stone body is resilient. (AC +8)
You are immune to poison.
You resist negative energy. (rN+)
You are resistant to electric shocks. (rElec)
You can survive without breathing.
You are immune to petrification.
You are immune to rotting.


Message History

Frances says, "Even the Halls of Hell could not contain me."
Frances mutters in a terrible tongue.
The smoke demon hits you.
The smoke demon hits you but does no damage. x2
Frances burns!
Frances hits you with a +0 battleaxe.
There is a stone staircase leading down here.
You feel yourself speed up.
Frances burns!
The smoke demon hits you.
The smoke demon hits you but does no damage.
The smoke demon barely misses you. Frances hits you with a +0 battleaxe!
* * * LOW HITPOINT WARNING * * *
Why would you want to do that? Why would you want to do that?
Frances burns!
Frances burns!
The sun demon hits you but does no damage.
The smoke demon gestures at you.
The ball of steam misses the sun demon.
The ball of steam hits you. You resist.
* * * LOW HITPOINT WARNING * * *
Frances burns!
The sun demon hits you!
You die...

§≈.≈..≈≈..≈♣♣
≈..≈♣.≈≈.≈♣.♣
≈≈≈..≈≈.≈≈≈.♣♣
≈≈♣≈≈≈≈.≈≈...♣♣
♣≈≈≈≈...≈...♣♣♣
≈.≈≈≈..♣≈..≈≈4.♣♣
..≈≈≈≈≈≈≈≈≈.≈≈3..♣
.≈.≈≈..≈.≈≈..≈3@♣♣
..≈≈≈≈≈≈≈.@§♣♣
.♣.≈≈≈.≈≈.(♣♣
...≈..≈≈..♣♣
....≈....♣♣
.♣♣♣.♣♣♣♣♣ ♣♣


You could see Frances (burning), a sun demon, an ice devil and a smoke demon.

Vanquished Creatures
  Gastronok (D:8)
  5 elephants (Lair:3)
  A rime drake (Lair:2)
  A spiny frog (Lair:2)
  3 komodo dragons
  A tyrant leech (Swamp:2)
  A troll (D:8)
  A polar bear (Lair:3)
  A hippogriff (D:5)
  3 bog bodies (Lair:3)
  7 yaks
  A basilisk (Lair:3)
  2 steam dragons (D:8)
  A hungry ghost (D:7)
  4 swamp worms
  19 soldier ants
  3 water moccasins
  7 porcupines
  3 ice beasts
  An orc warrior (D:7)
  A necrophage (D:6)
  2 sky beasts
  4 ogres
  3 wolves
  A phantom (D:7)
  2 crocodiles
  2 big kobolds
  10 bullfrogs
  2 scorpions
  6 killer bees
  5 wights (D:7)
  3 howler monkeys
  4 electric eels
  2 crimson imps
  A centaur zombie (D:5)
  8 hounds
  A jelly (D:7)
  A centaur skeleton (D:7)
  3 orc priests
  6 orc wizards
  2 bullfrog skeletons
  An iguana (D:8)
  26 worker ants
  3 hound zombies
  A hound skeleton (D:7)
  A gnoll (D:1)
  17 adders
  2 river rats (Sewer)
  3 shadow imps (D:5)
  An adder zombie (D:6)
  An ooze (D:1)
  3 adder skeletons
  4 worms
  2 dart slugs
  4 leopard geckos
  27 orcs
  2 ball pythons
  6 bats
  6 giant cockroaches
  4 goblins
  6 hobgoblins
  11 jackals
  16 kobolds
  5 frilled lizards
  A jackal skeleton (D:3)
  A quokka zombie (D:6)
  11 rats
300 creatures vanquished.

Vanquished Creatures (others)
  2 fungi (Lair:3)
2 creatures vanquished.

Grand Total: 302 creatures vanquished

Notes
Turn   | Place    | Note
-------+----------+-------------------------------------------
     0 | D:1      | Dycilia the Gargoyle Earth Elementalist began the quest for
                  | the Orb.
     0 | D:1      | Reached XP level 1. HP: 10/10 MP: 3/3
    46 | D:1      | Reached XP level 2. HP: 2/15 MP: 0/5
   347 | D:1      | Learned a level 2 spell: Passwall
   494 | D:1      | Reached XP level 3. HP: 15/19 MP: 6/6
   791 | D:1      | Reached skill level 1 in Transmutations
  1188 | D:2      | Reached skill level 1 in Polearms
  1331 | D:2      | Reached XP level 4. HP: 24/24 MP: 5/7
  1630 | D:2      | Learned a level 3 spell: Stone Arrow
  1846 | D:3      | Found a glowing drain.
  1945 | Sewer    | Entered a sewer
  1951 | Sewer    | Reached skill level 5 in Earth Magic
  1967 | Sewer    | Reached XP level 5. HP: 4/28 MP: 2/8
  2298 | Sewer    | Noticed a big kobold
  2322 | Sewer    | Killed a big kobold
  2386 | Sewer    | Found a white marble altar of Elyvilon.
  2466 | D:3      | Found a hide-covered altar of Uskayaw.
  2466 | D:3      | Noticed a +0 hand axe
  2466 | D:3      | Noticed a +0 hand axe
  2495 | D:3      | Found a snail-covered altar of Cheibriados.
  3285 | D:4      | Found an opulent altar of Gozag.
  3315 | D:3      | Reached skill level 3 in Spellcasting
  3315 | D:3      | Reached XP level 6. HP: 33/33 MP: 7/10
  3381 | D:4      | Got a creamy pearl robe
  3473 | D:4      | Found Zin's Purification Station.
  3473 | D:4      | Found a glowing silver altar of Zin.
  3563 | D:4      | Reached skill level 1 in Fighting
  3802 | D:4      | Identified the +2 robe of Fuq Ocoe {MR+} (You found it on
                  | level 4 of the Dungeon)
  4088 | D:4      | Reached XP level 7. HP: 32/38 MP: 6/11
  4589 | D:5      | Entered Level 5 of the Dungeon
  4589 | D:5      | Found a staircase to the Ecumenical Temple.
  4713 | Temple   | Entered the Ecumenical Temple
  4783 | Temple   | Became a worshipper of Sif Muna the Loreminder
  4913 | D:5      | Noticed a hippogriff
  5107 | D:6      | Reached skill level 1 in Conjurations
  5165 | D:6      | Reached skill level 4 in Spellcasting
  5313 | D:6      | Noticed a yak
  5325 | D:6      | Noticed a yak
  5327 | D:6      | Noticed a yak
  5328 | D:6      | Killed a yak
  5328 | D:6      | Reached XP level 8. HP: 38/44 MP: 2/14
  5381 | D:6      | Killed a yak
  5799 | D:6      | Learned a level 3 spell: Conjure Flame
  5896 | D:6      | Found Tits's Gadget Emporium.
  5900 | D:6      | Found Enwim's Jewellery Emporium.
  5901 | D:6      | Found Biary's Book Emporium.
  5901 | D:6      | Found Goupaux's General Store.
  5987 | D:6      | Reached skill level 5 in Spellcasting
  5987 | D:6      | Reached skill level 1 in Fire Magic
  6120 | D:6      | Reached * piety under Sif Muna
  6147 | D:6      | Reached skill level 1 in Staves
  6268 | D:6      | Bought a scroll of remove curse for 36 gold pieces
  6663 | D:5      | Killed a hippogriff
  6663 | D:5      | Reached XP level 9. HP: 27/48 MP: 9/17
  6826 | D:6      | Reached skill level 6 in Spellcasting
  6995 | D:5      | Found an ornate altar of the Wu Jian Council.
  7498 | D:5      | Learned a level 4 spell: Sticky Flame
  7524 | D:5      | Found a glowing golden altar of the Shining One.
  8035 | D:7      | Reached ** piety under Sif Muna
  8365 | D:7      | Reached skill level 5 in Conjurations
  9093 | D:7      | Reached XP level 10. HP: 55/55 MP: 0/20
  9540 | D:7      | Reached skill level 7 in Spellcasting
  9968 | D:8      | Found a hazy altar of Hepliaklqana.
  9969 | D:8      | Found a shimmering altar of Xom.
  9970 | D:8      | Noticed a spectral ugly thing
 10153 | D:8      | Noticed Gastronok
 10454 | D:8      | Killed Gastronok
 10454 | D:8      | Reached skill level 5 in Fire Magic
 10740 | D:8      | Found a staircase to the Lair.
 10750 | D:8      | Reached *** piety under Sif Muna
 10862 | D:8      | Reached skill level 8 in Spellcasting
 11220 | Lair:1   | Entered Level 1 of the Lair of Beasts
 11269 | Lair:1   | Reached XP level 11. HP: 60/60 MP: 9/23
 11366 | Lair:1   | Learned a level 5 spell: Fireball
 11410 | Lair:1   | Learned a level 2 spell: Throw Flame
 11733 | Lair:1   | You fall into a shaft and drop 1 floor!
 12024 | Lair:2   | Found a hide-covered altar of Uskayaw.
 12761 | Lair:2   | Reached skill level 9 in Spellcasting
 12932 | Lair:2   | Identified the Guide on the Earthen Blaze
 13715 | Lair:3   | Learned a level 4 spell: Petrify
 13734 | Lair:3   | Noticed a queen ant
 13937 | Lair:3   | Reached **** piety under Sif Muna
 13946 | Lair:3   | Reached skill level 5 in Invocations
 14533 | Lair:2   | Learned a level 5 spell: Lee's Rapid Deconstruction
 15113 | Lair:3   | Reached skill level 5 in Dodging
 15129 | Lair:3   | Reached XP level 12. HP: 59/66 MP: 2/25
 16225 | Lair:3   | Reached skill level 10 in Spellcasting
 16577 | Lair:3   | Found a staircase to the Swamp.
 16601 | Swamp:1  | Entered Level 1 of the Swamp
 16622 | Swamp:1  | Noticed Frances
 16998 | Swamp:1  | Noticed a sun demon
 17003 | Swamp:1  | Mangled by a sun demon

Levels and vault maps discovered:
D:1:      scummos_arrival_star, layout_loops_ring, st_stairs_6
D:2:      layout_basic
D:3:      layout_basic, dancing_weapons_uskayaw, kennysheep_slug_shrine,
          portal_sewer_entry_b
D:4:      layout_gridville, zin_purify, overflow_temple_1_default, first_ration
D:5:      layout_rooms, lemuel_crystal_altar, kennysheep_mini_moat,
          minmay_temple_entry_drinking_statues, minmay_misc_feat_room
D:6:      layout_loops_corners, minmay_shop_grid_forest
D:7:      layout_rooms
D:8:      layout_rooms, regret_index_temple_of_mockery, erik_lair_island,
          uniq_gastronok
Temple:   eino_temple_water
Lair:1:   layout_roguey
Lair:2:   layout_roguey, basic_altar
Lair:3:   layout_long_grid, nicolae_swamp_entry_splash_gauntlet,
          eino_small_chamber_without_monster, minivault_29,
          infiniplex_staircase_pool_2, serial_bayou_shore_a
Swamp:1:  layout_falls_marsh, infiniplex_staircase_pool, uniq_donald,
          uniq_frances
Swamp:2:  layout_basic_swamp, basic_altar

Skill      XL: |  1  2  3  4  5  6  7  8  9 10 11 12 |
---------------+-------------------------------------+-----
Earth Magic    | 4 5 7 |  7.4
Transmutations | 1 |  1.1
Polearms       | 1 2 |  2.9
Dodging        | 2 3 4 5 |  5.2
Spellcasting   | 3 4 5 6 8 9 10 | 10.1
Fighting       | 1 2 3 4 |  4.0
Stealth        | 3 4 |  4.6
Conjurations   | 2 4 6 7 8 |  8.4
Fire Magic     | 2 4 6 7 8 |  8.1
Staves         | 1 2 |  2.9
Invocations    | 3 5 6 |  6.3

Action                   |  1- 3 |  4- 6 |  7- 9 | 10-12 || total
-------------------------+-------+-------+-------+-------++-------
Melee: Unarmed           |     8 |       |       |       ||     8
       Spear             |    26 |   143 |    47 |       ||   216
       Quarterstaff      |       |       |    87 |    34 ||   121
       Staff             |       |       |       |    25 ||    25
 Cast: Sandblast         |    24 |    56 |    73 |   100 ||   253
       Stone Arrow       |       |       |   102 |   120 ||   222
       Conjure Flame     |       |       |     8 |     2 ||    10
       Passwall          |       |       |     3 |       ||     3
       Sticky Flame      |       |       |     7 |    53 ||    60
       Throw Flame       |       |       |       |   104 ||   104
       Petrify           |       |       |       |    11 ||    11
       Fireball          |       |       |       |     1 ||     1
       Lee's Rapid Decon |       |       |       |     2 ||     2
Invok: Channel Magic     |       |       |       |     1 ||     1
  Use: Scroll            |       |     6 |     2 |     8 ||    16
       Potion            |       |     1 |     4 |     3 ||     8
 Stab: Sleeping          |     2 |     2 |       |       ||     4
       Distracted        |       |     1 |       |       ||     1
  Eat: Chunk             |     2 |     9 |    15 |    20 ||    46
       Ration            |       |       |     2 |     3 ||     5
Armor: Robe              |     5 |    74 |   137 |    36 ||   252
       Steam dragon scal |       |       |       |    97 ||    97
Dodge: Dodged            |    23 |   125 |   164 |   188 ||   500
Block: Other             |       |       |       |    18 ||    18

Table legend:
 A = Non-vault XP
 B = Vault XP
 C = Vault XP percentage of total XP
 D = Non-vault monster count
 E = Vault monster count
 F = Vault count percentage of total count
                 A         B        C        D         E       F
            +---------+---------+-------+---------+---------+-------
      Total |   14820 |    7676 |  34.1 |     229 |      71 |  23.7
            +---------+---------+-------+---------+---------+-------
        D:1 |      55 |       1 |   1.8 |      19 |       1 |   5.0
        D:2 |      71 |       0 |   0.0 |      15 |       0 |   0.0
        D:3 |      81 |      27 |  25.0 |      17 |       6 |  26.1
        D:4 |     433 |       0 |   0.0 |      20 |       0 |   0.0
        D:5 |     641 |       0 |   0.0 |      24 |       0 |   0.0
        D:6 |    2215 |       0 |   0.0 |      42 |       0 |   0.0
        D:7 |    1540 |     122 |   7.3 |      40 |       3 |   7.0
        D:8 |    1036 |    2581 |  71.4 |      11 |       5 |  31.2
     Lair:1 |    2765 |       0 |   0.0 |      16 |       0 |   0.0
     Lair:2 |    1938 |     731 |  27.4 |      10 |       7 |  41.2
     Lair:3 |    3417 |    4075 |  54.4 |      12 |      38 |  76.0
    Swamp:2 |     628 |       0 |   0.0 |       3 |       0 |   0.0
      Sewer |       0 |     139 | 100.0 |       0 |      11 | 100.0
            +---------+---------+-------+---------+---------+-------
